 Dungeon Crawl Stone Soup version 0.27-a0-412-g8dd771eca2 (webtiles) character file.

Game seed: 2277039643645799886

11515 tilp the Transmogrifier (level 11, -13/72 HPs)
             Began as an Octopode Transmuter on Feb 23, 2021.
             Was a High Priest of Okawaru.
             Mangled by a skeletal warrior
             ... wielding a +0 halberd
             ... led by a skeletal warrior
              (23 damage)
             ... on level 11 of the Dungeon.
             The game lasted 00:33:07 (21472 turns).

tilp the Transmogrifier (Octopode Transmuter)      Turns: 21472, Time: 00:33:08

Health: -13/72     AC:  1    Str:  9    XL:     11   Next: 78%
Magic:  0/17       EV: 15    Int: 20    God:    Okawaru [*****.]
Gold:   346        SH:  0    Dex: 12    Spells: 0/19 levels left

rFire    . . .     SeeInvis .     - Unarmed
rCold    . . .     Faith    .   (shield currently unavailable)
rNeg     . . .     Spirit   +   (helmet restricted)
rPois    .         Reflect  .   D - amulet of guardian spirit
rElec    .         Harm     .   (no ring)
rCorr    .         Rampage  .   (no ring)
Will     .....                  (no ring)
Stlth    +++.......             (no ring)
HPRegen  0.22/turn              (no ring)
MPRegen  0.15/turn              (no ring)
                                (no ring)
                                (no ring)

@: blade tentacles
A: almost no armour, stealthy swim, amphibious, 8 rings, constrict 8, camouflage
1, gelatinous body 1
a: End Transformation, Renounce Religion, Heroism, Finesse


You were on level 11 of the Dungeon.
You worshipped Okawaru.
Okawaru was extremely pleased with you.
You had blades for tentacles.
You visited 1 branch of the dungeon, and saw 11 of its levels.

You collected 571 gold pieces.
You spent 225 gold pieces at shops.

Inventory:

Missiles
 a - 7 boomerangs
 b - 5 boomerangs of dispersal
 A - 10 poisoned darts (quivered)
 B - 10 curare-tipped darts {!f}
Armour
 t - a +1 buckler (melded)
Jewellery
 p - an amulet of reflection
 D - an amulet of guardian spirit (around mantle)
Wands
 e - a wand of random effects (14)
 k - a wand of iceblast (13)
 n - a wand of mindburst (12)
 x - a wand of polymorph (10)
 z - a wand of charming (12)
 E - a wand of acid (3)
Scrolls
 c - 2 scrolls of magic mapping
 d - a scroll of enchant weapon
 f - 8 scrolls of teleportation
 i - 2 scrolls of enchant armour
 w - 2 scrolls of fear
 y - 3 scrolls of identify
Potions
 g - 2 potions of cancellation
 h - a potion of lignification
 j - 2 potions of might
 l - 2 potions of magic
 o - 4 potions of haste
 q - a potion of attraction
 u - 3 potions of curing
 C - a potion of brilliance


   Skills:
 - Level 6.0 Fighting
 - Level 6.0 Dodging
 - Level 4.0 Stealth
 - Level 4.0 Shields
 - Level 8.0 Unarmed Combat
 + Level 4.5 Spellcasting
 - Level 2.0 Translocations
 + Level 8.3 Transmutations
 - Level 2.0 Ice Magic
 - Level 4.0 Poison Magic
 - Level 8.0 Invocations
 - Level 6.0 Evocations


You couldn't memorise any spells.
You knew the following spells:

 Your Spells              Type           Power        Failure   Level
a - Beastly Appendage     Tmut           74%          11%         1
b - Wereblood             Tmut           37%          13%         2
c - Spider Form           Tmut/Pois      14%          26%         3
d - Ice Form              Ice/Tmut       25%          54%         4
e - Sting                 Tmut/Pois      100%         16%         1
f - Blink                 Tloc           N/A          43%         2
g - Apportation           Tloc           24%          34%         1
h - Blade Hands           Tmut           18%          47%         5

Your spell library contained the following spells:

 Spells                   Type           Power        Failure   Level
 Ignite Poison            Fire/Tmut/Pois 20%          38%         3
 Poisonous Vapours        Pois/Air       24%          43%         2
 Magic Dart               Conj           16%          50%         1
 Lesser Beckoning         Tloc           6%           56%         3
 Call Imp                 Summ           4%           61%         2
 Slow                     Hex            4%           61%         2
 Mephitic Cloud           Conj/Pois/Air  9%           65%         3
 Olgreb's Toxic Radiance  Pois           20%          67%         4
 Alistair's Intoxication  Tmut/Pois      19%          69%         5
 Conjure Flame            Conj/Fire      4%           78%         3
 Tukima's Dance           Hex            4%           78%         3
 Invisibility             Hex            4%           100%        6


Dungeon Overview and Level Annotations

Branches:
Dungeon (11/15)            Temple (0/1) D:5            Lair (0/6) D:11
    Orc (0/2) D:10

Altars:
Ashenzari
Dithmenos
Gozag
Hepliaklqana
Makhleb
Okawaru
Qazlal
Trog
Uskayaw
The Shining One

Shops:
D:5 ?[(

Annotations:
D:2 1 runed translucent door, Crazy Yiuf
D:4 exclusion: 2 phantoms, Duvessa
D:6 exclusion: centaur
D:7 exclusion: two-headed ogre
D:9 Psyche
D:10 exclusion: two-headed ogre
D:11 exclusion: boulder beetle, Snorg


Innate Abilities, Weirdness & Mutations

You cannot wear most types of armour.
You are very stealthy in the water. (Stealth+)
You are amphibious.
You can wear up to eight rings at the same time.
You can use your tentacles to constrict eight enemies at once.
Your skin changes colour to match your surroundings (Stealth+).
Your rubbery body absorbs attacks. (AC +1, EV +1)


Message History

Confirm with . or Enter, or press ? or * to list all spells.
Your tentacles turn into razor-sharp scythe blades.
Your +1 buckler melds into your body.
Aiming: Corrosive Bolt
Press: ? - help, Shift-Dir - straight line, f - skeletal warrior
Aim: a skeletal warrior, wielding a +0 glaive and wearing a +0 scale mail (23% to evade)
The bolt of acid hits the skeletal warrior.
The skeletal warrior is splashed with acid.
The acid corrodes the skeletal warrior!
The skeletal warrior is lightly damaged.
The skeletal warrior hits you with a +0 glaive!
You barely miss the skeletal warrior. You grab the skeletal warrior.
The skeletal warrior is lightly damaged.
You constrict the skeletal warrior, but do no damage.
The skeletal warrior struggles to escape constriction.
You slice the skeletal warrior!!
You squeeze the skeletal warrior, but do no damage.
The skeletal warrior is moderately damaged.
You constrict the skeletal warrior, but do no damage.
The skeletal warrior struggles to escape constriction.
You hit the skeletal warrior.
The skeletal warrior is moderately damaged.
You constrict the skeletal warrior, but do no damage.
The skeletal warrior escapes!
The skeletal warrior hits you with a +0 halberd!
The skeletal warrior hits you with a +0 glaive!!
Your magical contamination has completely faded away.
You slice the skeletal warrior!! You grab the skeletal warrior.
You squeeze the skeletal warrior.
The skeletal warrior is severely damaged.
You constrict the skeletal warrior, but do no damage.
The skeletal warrior is no longer covered in acid.
The skeletal warrior completely misses you.
You slice the skeletal warrior!!
The skeletal warrior is almost destroyed.
You constrict the skeletal warrior, but do no damage.
The skeletal warrior hits you with a +0 glaive!!
* * * LOW HITPOINT WARNING * * *
The skeletal warrior hits you with a +0 halberd!!
You die...

#....................#.# #.##.
..#.....z#..#######...## #.##.
........... ##.## ##.##.
........... #.# #.....
..#......#. #.# ##..>..
...........# #######.######......
....#..#....##...........##..##..
# ...........#.##...#.##.##......
.......'.z@................
.......#.##z..####.##......
......##.##..## #.###..##. .....#
#.##..#####.# #..... #...#
#...........# ##.### ##'#
####.######## ##.## #. #.#
##...## # #.# #.....# ..# #.....#


You could see 2 skeletal warriors.

Vanquished Creatures
  A two-headed ogre (D:11)
  Sonja (D:10)
  2 skeletal warriors
  A cyclops (D:9)
  2 trolls
  A hornet (D:9)
  A wraith (D:11)
  3 yaks (D:9)
  A basilisk (D:11)
  Grum (D:11)
  2 wargs (D:10)
  4 water moccasins (D:11)
  3 sky beasts (D:11)
  7 black bears
  3 ice beasts
  An eye of draining (D:8)
  7 orc warriors
  2 ogres
  4 wolves (D:11)
  A necrophage (D:8)
  6 centaurs
  2 phantoms
  A kobold brigand (D:9)
  9 bullfrogs
  A wyvern skeleton (D:10)
  10 killer bees
  5 wights
  An electric eel (D:9)
  A centaur zombie (D:10)
  A crimson imp (D:2)
  5 hounds
  2 jellies
  5 orc priests
  4 centaur skeletons
  An iguana (D:6)
  18 orc wizards
  7 worker ants
  Terence (D:3)
  A killer bee zombie (D:8)
  A hound zombie (D:7)
  A worker ant zombie (D:7)
  2 gnolls
  A howler monkey skeleton (D:9)
  14 adders
  2 shadow imps
  5 white imps
  An ooze (D:1)
  3 ufetubi
  2 adder skeletons
  2 adder zombies
  2 worms
  5 leopard geckos
  51 orcs
  13 bats
  A bat zombie (D:1)
  2 giant cockroaches
  6 goblins
  5 hobgoblins
  13 jackals
  10 kobolds
  5 quokkas
  4 frilled lizards
  A jackal skeleton (D:4)
  2 quokka zombies
  4 rats
287 creatures vanquished.

Vanquished Creatures (others)
  57 fungi (D:11)
  59 plants (D:11)
116 creatures vanquished.

Grand Total: 403 creatures vanquished

Notes
Turn   | Place    | Note
-------+----------+-------------------------------------------
     0 | D:1      | tilp the Octopode Transmuter began the quest for the Orb.
     0 | D:1      | Reached XP level 1. HP: 13/13 MP: 3/3
    16 | D:1      | Reached skill level 1 in Stealth
   178 | D:1      | Reached XP level 2. HP: 16/18 MP: 5/5
   184 | D:1      | Learned a level 2 spell: Wereblood
   448 | D:1      | Reached XP level 3. HP: 23/23 MP: 6/6
  1220 | D:2      | Reached XP level 4. HP: 20/29 MP: 5/7
  1606 | D:2      | Found a burning altar of Makhleb.
  1705 | D:2      | You fall into a shaft and drop 1 floor!
  2006 | D:3      | Reached XP level 5. HP: 20/35 MP: 6/8
  2267 | D:2      | Found a runed translucent door.
  2268 | D:2      | Noticed Crazy Yiuf
  2904 | D:2      | Found an opulent altar of Gozag.
  3146 | D:3      | Found a broken altar of Ashenzari.
  3349 | D:3      | Noticed Terence
  3378 | D:3      | Killed Terence
  4361 | D:4      | Noticed a phantom
  4398 | D:4      | Reached XP level 6. HP: 15/42 MP: 7/9
  4940 | D:4      | Noticed Duvessa
  5248 | D:4      | Found a hazy altar of Hepliaklqana.
  5390 | D:4      | Reached skill level 5 in Unarmed Combat
  5754 | D:4      | Reached XP level 7. HP: 28/48 MP: 10/10
  6245 | D:4      | Found an iron altar of Okawaru.
  6437 | D:4      | Became a worshipper of Warmaster Okawaru
  6549 | D:5      | Entered Level 5 of the Dungeon
  6597 | D:5      | Found Qunuskir's Antique Armour Shoppe.
  6599 | D:5      | Bought a buckler for 99 gold pieces
  6773 | D:5      | Found Awageiry's Magic Scroll Boutique.
  6784 | D:5      | Reached skill level 1 in Shields
  6796 | D:5      | Bought a scroll of identify for 24 gold pieces
  6796 | D:5      | Bought a scroll of identify for 24 gold pieces
  6796 | D:5      | Bought a scroll of teleportation for 36 gold pieces
  6796 | D:5      | Bought a scroll of fear for 42 gold pieces
  6936 | D:5      | Found a stormy altar of Qazlal.
  7238 | D:5      | Got a smoking quarterstaff
  7332 | D:5      | Found Tojial's Antique Weapon Shoppe.
  7928 | D:5      | Found a faded altar of an unknown god.
  7930 | D:5      | Found a staircase to the Ecumenical Temple.
  8196 | D:6      | Reached XP level 8. HP: 47/54 MP: 9/11
  8786 | D:6      | Reached skill level 5 in Fighting
  9152 | D:7      | Found a hide-covered altar of Uskayaw.
  9160 | D:7      | Reached * piety under Okawaru
  9360 | D:7      | Learned a level 3 spell: Spider Form
  9363 | D:7      | Learned a level 2 spell: Blink
  9365 | D:7      | Learned a level 1 spell: Sting
  9521 | D:7      | Found a glowing golden altar of the Shining One.
  9723 | D:7      | Noticed a two-headed ogre
 10583 | D:8      | Reached ** piety under Okawaru
 10584 | D:8      | Reached XP level 9. HP: 62/62 MP: 6/12
 10905 | D:8      | Reached skill level 5 in Dodging
 11968 | D:8      | Reached skill level 1 in Invocations
 12055 | D:9      | Reached skill level 1 in Evocations
 12070 | D:9      | Noticed a hornet
 12123 | D:9      | Noticed Psyche
 12290 | D:9      | Noticed a cyclops
 12331 | D:9      | Killed a cyclops
 12901 | D:9      | Reached skill level 1 in Poison Magic
 13311 | D:9      | Reached XP level 10. HP: 60/68 MP: 8/13
 13313 | D:9      | Reached *** piety under Okawaru
 13411 | D:9      | Found a shadowy altar of Dithmenos.
 13723 | D:9      | Found a bloodstained altar of Trog.
 13967 | D:10     | Entered Level 10 of the Dungeon
 14093 | D:10     | Learned a level 4 spell: Ice Form
 14161 | D:10     | Found a staircase to the Orcish Mines.
 14906 | D:10     | Reached skill level 5 in Transmutations
 15120 | D:10     | Noticed Sonja
 15300 | D:10     | Killed Sonja
 15300 | D:10     | Reached **** piety under Okawaru
 15301 | D:10     | Reached skill level 1 in Ice Magic
 15614 | D:10     | Noticed a two-headed ogre
 15886 | D:10     | Found a broken altar of Ashenzari.
 16655 | D:10     | Reached ***** piety under Okawaru
 17000 | D:11     | Reached XP level 11. HP: 62/72 MP: 13/17
 17126 | D:11     | Noticed a two-headed ogre
 17556 | D:11     | Killed a two-headed ogre
 17557 | D:11     | Reached skill level 5 in Invocations
 17557 | D:11     | Reached skill level 5 in Evocations
 17850 | D:11     | Learned a level 1 spell: Apportation
 18568 | D:11     | Noticed a skeletal warrior
 18568 | D:11     | Noticed a skeletal warrior
 19668 | D:10     | Killed a skeletal warrior
 19668 | D:10     | Received a gift from Okawaru
 19802 | D:11     | Noticed Snorg
 19823 | D:11     | Noticed a boulder beetle
 19844 | D:11     | Found a staircase to the Lair.
 20287 | D:11     | Noticed Grum
 20294 | D:11     | Killed Grum
 20444 | D:11     | Noticed a boulder beetle
 20456 | D:11     | Reached skill level 1 in Translocations
 20712 | D:11     | Noticed a skeletal warrior
 20724 | D:11     | Killed a skeletal warrior
 20742 | D:11     | Noticed a skeletal warrior
 21292 | D:11     | Learned a level 5 spell: Blade Hands
 21472 | D:11     | Mangled by a skeletal warrior

Illustrated notes

Levels and vault maps discovered:
D:1:      saegor_arrival_fortress, layout_loops_ring
D:2:      layout_basic, makhleb_grotto_becter, lemuel_coloured_pillars_altar,
          uniq_crazy_yiuf_cottage
D:3:      layout_loops_corners, ashenzari_conservatory_becter, uniq_terence
D:4:      layout_basic, old_standard_altar, general_overflow_altar, uniq_duvessa
D:5:      layout_basic, kennysheep_mini_moat, nicolae_temple_entry_ecumenical,
          serial_shops, shop_scrolls, shop, nicolae_shop_crystal
D:6:      layout_basic
D:7:      layout_loops_ring, kennysheep_little_box, old_standard_altar
D:8:      layout_basic
D:9:      layout_basic, nicolae_dithmenos_shadow_blocks, lightli_temple_of_fire,
          serial_shops, kennysheep_mini, lightli_minifort, uniq_psyche
D:10:     layout_cave_pods, david_orc_1_choice, evilmike_ruin_ashenzari,
          uniq_sonja
D:11:     layout_loops_corners, due_lair_maze_entry_diamond,
          minmay_misc_feat_plants, hangedman_decor_clover_reticule, uniq_snorg,
          uniq_grum

Skill      XL: |  1  2  3  4  5  6  7  8  9 10 11 |
---------------+----------------------------------+-----
Stealth        | 2 3 4 |  4.0
Fighting       | 2 3 4 5 6 |  6.0
Unarmed Combat | 4 5 6 7 8 |  8.0
Shields        | 2 4 |  4.0
Dodging        | 3 4 6 |  6.0
Invocations    | 4 8 |  8.0
Evocations     | 4 6 |  6.0
Poison Magic   | 2 4 |  4.0
Spellcasting   | 4 |  4.5
Transmutations | 8 |  8.3
Ice Magic      | 2 |  2.0
Translocations | 2 |  2.0

Action                   |  1- 3 |  4- 6 |  7- 9 | 10-12 || total
-------------------------+-------+-------+-------+-------++-------
Melee: Unarmed           |    75 |   192 |   309 |   412 ||   988
       Tentacles         |    17 |    27 |    47 |    23 ||   114
       Constrict         |    19 |    47 |    55 |    26 ||   147
       Kick              |     8 |    27 |    47 |    27 ||   109
       Punch             |     1 |     3 |    12 |     5 ||    21
Throw: Stone             |       |     8 |    13 |       ||    21
       Boomerang         |       |       |     1 |     9 ||    10
       Dart              |       |       |     1 |     4 ||     5
 Cast: Beastly Appendage |     3 |    18 |    38 |    15 ||    74
       Wereblood         |     1 |     9 |     8 |    13 ||    31
       Sting             |       |       |     3 |     2 ||     5
       Spider Form       |       |       |     3 |    14 ||    17
       Ice Form          |       |       |       |    11 ||    11
       Blink             |       |       |       |    10 ||    10
       Blade Hands       |       |       |       |     1 ||     1
Invok: Heroism           |       |       |       |     4 ||     4
Evoke: Wand              |       |     2 |    12 |    13 ||    27
  Use: Potion            |       |     3 |       |     1 ||     4
       Scroll            |       |     2 |     9 |     8 ||    19
 Stab: Sleeping          |     8 |    11 |    16 |     3 ||    38
Armor: Skin              |     9 |    15 |     4 |    33 ||    61
Dodge: Dodged            |    42 |    99 |   112 |   253 ||   506
Block: Buckler           |       |       |    99 |    38 ||   137
       Other             |       |       |     8 |     1 ||     9
       Reflection        |       |       |     7 |       ||     7

Table legend: (Time is in decaauts)
 A = Elapsed time spent in this place.
 B = Non-inter-level travel time spent in this place.
 C = Inter-level travel time spent in this place.
 D = Time resting spent in this place.
 E = Time spent auto-exploring this place.
 F = Levels seen in this place.
 G = Mean time per level.
                   A        B        C        D        E       F      G
               +--------+--------+--------+--------+--------+-----+--------+
         Total |  21392 |  20421 |    971 |   7621 |   9729 |  11 | 1944.7 |
       Dungeon |  21392 |  20421 |    971 |   7621 |   9729 |  11 | 1944.7 |
               +--------+--------+--------+--------+--------+-----+--------+

Top non-repeatable levels by time:
     D:9: 3259 daAuts
    D:10: 3252 daAuts
    D:11: 2435 daAuts
     D:4: 2228 daAuts
     D:8: 2196 daAuts
     D:3: 1749 daAuts
     D:2: 1619 daAuts
     D:5: 1457 daAuts
     D:7: 1302 daAuts
     D:1: 979 daAuts
     D:6: 913 daAuts
